 Dungeon Sprint DCSS version 0.23-a0-171-g5ae17c6 (webtiles) character file.

9 Fang the Skirmisher (level 2, -2/30 HPs)
             Began as a Gargoyle Berserker on Sept 13, 2018.
             Was a Follower of Trog.
             Slain by a war axe of flaming (6 damage)
             ... in the Dungeon (Sprint V: "Ziggurat Sprint").
             The game lasted 00:00:42 (134 turns).

Fang the Skirmisher (Gargoyle Berserker)             Turns: 134, Time: 00:00:42

Health: -2/30      AC: 19    Str: 34    XL:     2   Next: 12%
Magic:  2/2        EV:  9    Int: 14    God:    Trog [*.....]
Gold:   0          SH:  0    Dex:  9    Spells: 1/1 levels left

rFire    . . .     SeeInvis .   k - +5 executioner's axe
rCold    . . .     Gourm    .   (shield currently unavailable)
rNeg     + . .     Faith    .   j - +5 shadow dragon scales
rPois    ∞         Spirit   .   (no helmet)
rElec    +         Reflect  .   (no cloak)
rCorr    .         Harm     .   (no gloves)
MR       .....     NoTele   +   (no boots)
Stlth    ..........             a - amulet "Sagom" {Acrobat +Fly Str-3 Int+7}
HPRegen  0.10/turn              E - +6 ring of strength
MPRegen  0.08/turn              D - +6 ring of strength

@: berserking, very quick
A: negative energy resistance 1, electricity resistance, unbreathing,
petrification resistance, rot immunity, AC +2
a: Berserk, Renounce Religion, Evoke Flight


You were in the Dungeon.
You worshipped Trog.
Trog was aware of your devotion.
You were not hungry.

You visited 1 branch

Inventory:

Hand Weapons
 k - a +5 executioner's axe (weapon)
Armour
 j - +5 shadow dragon scales (worn)
Jewellery
 a - the amulet "Sagom" (around neck) {Acrobat +Fly Str-3 Int+7}
   (You found it in the Dungeon)

   [amulet of the acrobat]

   It helps you evade while moving and waiting.
   It affects your strength (-3).
   It affects your intelligence (+7).
   It lets you fly.
 D - a +6 ring of strength (right hand)
 E - a +6 ring of strength (left hand)
Wands
 w - a wand of disintegration (7)
 x - a wand of iceblast (7)
 y - a wand of acid (7)
Scrolls
 i - 4 scrolls of blinking
 l - 7 scrolls of fog
 m - a scroll of holy word
 n - 5 scrolls of identify
 o - 5 scrolls of remove curse
 p - 2 scrolls of fear
Potions
 d - 10 potions of curing
 e - 10 potions of heal wounds
 f - 6 potions of haste
 g - 7 potions of magic
 h - 3 potions of berserk rage
 q - 2 potions of brilliance
 r - 2 potions of invisibility
 s - 4 potions of resistance
 t - a potion of experience
 u - 5 potions of agility
 v - 5 potions of might
Comestibles
 c - 7 rations


   Skills:
 + Level 4.3 Fighting
 + Level 3.5 Axes
 + Level 2.6 Armour
 + Level 1.9 Dodging


You had one spell level left.
You didn't know any spells.
Your spell library was empty.

Dungeon Overview and Level Annotations

Branches:
Dungeon (1/1)

Altars:
Ashenzari
Cheibriados
Dithmenos
Elyvilon
Fedhas
Gozag
Hepliaklqana
Kikubaaqudgha
Makhleb
Nemelex Xobeh
Okawaru
Qazlal
Ru
Sif Muna
Trog
Uskayaw
Vehumet
Wu Jian
Xom
Yredelemnul
Zin
The Shining One
Beogh
Jiyva
Lugonu

Annotations:
D 1 transporter


Innate Abilities, Weirdness & Mutations

You are resistant to torment.
Your stone body is resilient. (AC +2)
You are immune to poison.
You resist negative energy. (rN+)
You are resistant to electric shocks. (rElec)
You can survive without breathing.
You are immune to petrification.
You are immune to rotting.


Message History

You feel quite a bit more hungry.
Unknown command.
You feel a strong urge to attack something.
The war axe of flaming hits you but does no damage.
The deep elf archer blinks!
Unknown command.
You miss the war axe of flaming. The war axe of flaming hits you.
The war axe of flaming burns you.
Unknown command.
You closely miss the war axe of flaming.
The war axe of flaming hits you. The war axe of flaming burns you.
The war axe of flaming hits you but does no damage.
The water elemental closely misses you.
Unknown command.
You miss the war axe of flaming. You slash the water elemental!
The deep elf archer blinks!
The war axe of flaming hits you!
Ouch! That really hurt!
* * * LOW HITPOINT WARNING * * *
The war axe of flaming burns you.
You die...

▓▓▓▓▓▓▓▓▓▓▓▓▓
▓.8©8e▓.8©8.▓
▓.)):.▓.....▓
▓.....▓.|...▓
▓..§..▓.....▓
▓..(E.▓.....▓
▓..@..▓..©..▓
▓..©..▓▓▓▓▓▓▓
▓▓▓▓▓▓▓


You could see a deep elf archer, a water elemental and a war axe of flaming.

Vanquished Creatures
  A shadow imp (D)
  A bat skeleton (D)
2 creatures vanquished.

Notes
Turn   | Place    | Note
-------+----------+-------------------------------------------
     0 | D        | Found the +6 Majin-Bo {vamp, Archmagi MP+6 Int+6}
     0 | D        | Found the +7 great mace "Firestarter" {inner flame, rF++}
     0 | D        | Fang the Gargoyle Berserker began the quest for the Orb.
     0 | D        | Reached XP level 1. HP: 14/14 MP: 1/1
     3 | D        | Found a blossoming altar of Fedhas.
     4 | D        | Found a viscous altar of Jiyva.
     4 | D        | Found a hazy altar of Hepliaklqana.
     4 | D        | Found a transporter.
     4 | D        | Found an opulent altar of Gozag.
     4 | D        | Found an ancient bone altar of Kikubaaqudgha.
     4 | D        | Found a corrupted altar of Lugonu.
    10 | D        | Found a burning altar of Makhleb.
    11 | D        | Found a sacrificial altar of Ru.
    11 | D        | Found a stormy altar of Qazlal.
    11 | D        | Found a deep blue altar of Sif Muna.
    11 | D        | Found an iron altar of Okawaru.
    11 | D        | Found a bloodstained altar of Trog.
    11 | D        | Found a sparkling altar of Nemelex Xobeh.
    74 | D        | Entered arena 2.
    74 | D        | Found a transporter.
    76 | D        | Reached skill level 4 in Fighting
    76 | D        | Reached XP level 2. HP: 20/20 MP: 2/2
    81 | D        | Got the amulet "Sagom" {Acrobat +Fly Str-3 Int+7}
   129 | D        | Entered arena 3.
   129 | D        | Noticed a deep elf archer
   129 | D        | Noticed a water elemental
   129 | D        | Noticed a war axe of flaming
   129 | D        | Found a transporter.
   134 | D        | Slain by a war axe of flaming

Vault maps used:
D:        sprint_v

Skill      XL: |  1 |
---------------+----+-----
Fighting       | 4 |  4.3
Axes           | 3 |  3.5
Armour         | |  2.6
Dodging        | |  1.9

Action                   || total
-------------------------++-------
Melee: Executioner's axe ||     4
Invok: Berserk           ||     2
Armor: Shadow dragon sca ||     3
Dodge: Dodged            ||     2

Table legend:
 A = Non-vault XP
 B = Vault XP
 C = Vault XP percentage of total XP
 D = Non-vault monster count
 E = Vault monster count
 F = Vault count percentage of total count
                 A         B        C        D         E       F
            +---------+---------+-------+---------+---------+-------
      Total |       0 |      13 | 100.0 |       0 |       2 | 100.0
            +---------+---------+-------+---------+---------+-------
          D |       0 |      13 | 100.0 |       0 |       2 | 100.0
            +---------+---------+-------+---------+---------+-------
